 Dungeon Crawl Stone Soup version 0.21.0-24-g2553a3340b (webtiles) character file.

1506 Rrauwl the Fighter (level 8, -2/101 HPs)
             Began as an Ogre Fighter on Jan 20, 2018.
             Was an Initiate of Trog.
             Slain by a killer bee (5 damage)
             ... on level 7 of the Dungeon on Jan 21, 2018.
             The game lasted 00:30:48 (7327 turns).

Rrauwl the Fighter (Ogre Fighter)                   Turns: 7327, Time: 00:30:49

Health: -2/101     AC:  5    Str: 21    XL:     8   Next: 82%
Magic:  8/8        EV:  9    Int:  7    God:    Trog [......]
Gold:   220        SH: 10    Dex: 12    Spells: 7/7 levels left

rFire    . . .     SeeInvis +   a - +0 flail
rCold    . . .     Gourm    .   c - +1 shield
rNeg     . . .     Faith    .   o - +0 robe
rPois    .         Spirit   .   (helmet restricted)
rElec    .         Reflect  .   (no cloak)
rCorr    +         Harm     .   (gloves unavailable)
MR       .....     Rnd*Tele +   (boots unavailable)
Stlth    ++........             (no amulet)
HPRegen  0.26/turn              d - ring of teleportation (curse)
MPRegen  0.11/turn              s - ring of resist corrosion

@: lethally poisoned (-2 -> -2)
A: large, unfitting armour, thin skeletal structure 1, yellow scales 1, see
invisible, dopey 1, tough skin 1
a: Burn Spellbooks, Renounce Religion


You were on level 7 of the Dungeon.
You worshipped Trog.
Trog was noncommittal.
You were not hungry.

You visited 2 branches of the dungeon, and saw 8 of its levels.

You collected 220 gold pieces.

Inventory:

Hand Weapons
 a - a +0 flail (weapon)
 b - a +0 hunting sling
Missiles
 p - 43 sling bullets
 q - 169 stones (quivered)
Armour
 c - a +1 shield (worn)
 o - a +0 robe (worn)
Jewellery
 d - a cursed ring of teleportation (left hand)
 l - an uncursed ring of stealth
 s - a ring of resist corrosion (right hand)
Wands
 k - a wand of enslavement (7)
 t - a wand of paralysis (14)
Scrolls
 g - 3 scrolls of remove curse
 h - a scroll of teleportation
 i - 2 scrolls of blinking
 m - 7 scrolls of identify
Potions
 f - 2 potions of magic
 j - a potion of curing
Comestibles
 e - 11 rations
 n - 7 chunks of flesh


   Skills:
 + Level 12.8 Fighting
 - Level 4.0 Maces & Flails
 - Level 3.0 Dodging
 - Level 3.0 Shields


You had 7 spell levels left.
You didn't know any spells.

Dungeon Overview and Level Annotations

Branches:
Dungeon (7/15)             Temple (1/1) D:5

Altars:
Cheibriados
Elyvilon
Fedhas
Gozag
Hepliaklqana
Kikubaaqudgha
Makhleb
Nemelex Xobeh
Okawaru
Qazlal
Ru
Sif Muna
Trog
Uskayaw
Vehumet
Wu Jian
Xom
Yredelemnul
Zin
The Shining One
Jiyva

Annotations:
D:2 2 transporters
D:4 UranusSolar's ghost, amateur DrFi
D:5 Steforg's ghost, novice HaEE
D:7 Dowan; Duvessa


Innate Abilities, Weirdness & Mutations

You are too large for most types of armour.
You have tough skin. (AC +1)
You have a somewhat thin skeletal structure. (Dex +2, Stealth)
You are partially covered in yellow scales. (AC +2)
You have supernaturally acute eyesight. (SInv)
You are dopey. (Int -2)


Message History

* * * LOW HITPOINT WARNING * * *
You closely miss the worker ant.
The worker ant is moderately wounded.
Your surroundings suddenly seem different.
You feel sick.
A killer bee comes into view.
The killer bee buzzes angrily.
A killer bee comes into view.
The killer bee buzzes angrily.
A killer bee comes into view.
The killer bee buzzes angrily.
You hear an angry hiss.
A killer bee comes into view.
The killer bee buzzes angrily.
The killer bee barely misses you. The killer bee stings you.
* * * LOW HITPOINT WARNING * * *
You block the killer bee's attack. The killer bee stings you.
* * * LOW HITPOINT WARNING * * *
The killer bee completely misses you. You block the killer bee's attack.
The killer bee stings you.
You die...

. .. ...
#...#######
#.#.......#
..y..o....#
#...y@y.#
#...y.y.#
#....y....#
.###.>....#
.S......#
...#######
.... ###


You could see 6 killer bees, an adder and an orc (wandering).

Vanquished Creatures
  An ice beast (D:5)
  2 necrophages
  A phantom (D:6)
  2 ogres (D:5)
  A centaur (D:7)
  A bullfrog (D:6)
  A water moccasin zombie (D:6)
  2 killer bees (D:7)
  A crimson imp (D:5)
  3 hounds
  A jelly (D:6)
  2 bullfrog skeletons
  2 iguanas
  Jessica (D:3)
  8 worker ants
  9 adders
  2 oozes
  2 worms (D:2)
  5 dart slugs
  3 leopard geckos
  11 orcs
  3 giant cockroaches
  7 goblins
  5 hobgoblins
  11 jackals
  8 kobolds
  3 quokkas
  2 ball pythons
  11 bats
  6 frilled lizards
  9 rats
126 creatures vanquished.

Notes
Turn   | Place    | Note
-------+----------+-------------------------------------------
     0 | D:1      | Rrauwl the Ogre Fighter began the quest for the Orb.
     0 | D:1      | Reached XP level 1. HP: 24/24 MP: 1/1
   463 | D:1      | Reached XP level 2. HP: 29/32 MP: 2/2
   779 | D:1      | Reached XP level 3. HP: 39/40 MP: 3/3
  1338 | D:2      | Reached skill level 5 in Fighting
  1369 | D:2      | Found a transporter.
  1379 | D:2      | Noticed a scorpion
  1379 | D:2      | Noticed a bullfrog
  1381 | D:2      | Found a stormy altar of Qazlal.
  1471 | D:2      | Reached XP level 4. HP: 10/52 MP: 4/4
  1728 | D:2      | Found a basalt altar of Yredelemnul.
  1728 | D:2      | Found a sacrificial altar of Ru.
  1733 | D:2      | Found a faded altar of an unknown god.
  1735 | D:2      | Found a faded altar of an unknown god.
  1736 | D:2      | Found an ancient bone altar of Kikubaaqudgha.
  1744 | D:2      | Reached skill level 6 in Fighting
  2103 | D:2      | Found a transporter.
  2130 | D:2      | Found an opulent altar of Gozag.
  2133 | D:2      | Found an ancient bone altar of Kikubaaqudgha.
  2133 | D:2      | Found a blossoming altar of Fedhas.
  2135 | D:2      | Found a radiant altar of Vehumet.
  2135 | D:2      | Found a shimmering altar of Xom.
  2135 | D:2      | Found a blossoming altar of Fedhas.
  2480 | D:3      | Noticed Jessica
  2483 | D:3      | Killed Jessica
  2483 | D:3      | Reached skill level 7 in Fighting
  2483 | D:3      | Reached XP level 5. HP: 60/62 MP: 5/5
  2675 | D:3      | Found a snail-covered altar of Cheibriados.
  2678 | D:3      | Found a blossoming altar of Fedhas.
  2684 | D:3      | Found a glowing silver altar of Zin.
  2712 | D:3      | Gained mutation: You are dopey. (Int -2) [potion of mutation]
  2712 | D:3      | Gained mutation: You are partially covered in yellow scales. (AC +2) [potion of mutation]
  2712 | D:3      | Gained mutation: You have supernaturally acute eyesight. (SInv) [potion of mutation]
  2712 | D:3      | Gained mutation: You have a somewhat thin skeletal structure. (Dex +2, Stealth) [potion of mutation]
  3680 | D:4      | Reached skill level 8 in Fighting
  3680 | D:4      | Reached XP level 6. HP: 59/72 MP: 6/6
  3705 | D:4      | Noticed UranusSolar's ghost (amateur DrFi)
  4347 | D:4      | Found an ornate altar of the Wu Jian Council.
  4766 | D:5      | Entered Level 5 of the Dungeon
  4791 | D:5      | Reached skill level 9 in Fighting
  4831 | D:5      | Noticed an ice beast
  4836 | D:5      | Killed an ice beast
  4836 | D:5      | Reached XP level 7. HP: 83/83 MP: 7/7
  5123 | D:5      | Noticed Steforg's ghost (novice HaEE)
  5130 | D:5      | Found a bloodstained altar of Trog.
  5185 | D:5      | Became a worshipper of Trog the Wrathful
  5209 | D:5      | Found a staircase to the Ecumenical Temple.
  5215 | Temple   | Entered the Ecumenical Temple
  5799 | D:6      | Reached skill level 10 in Fighting
  5802 | D:6      | HP: 3/85 [worker ant (2)]
  6141 | D:6      | Found a hide-covered altar of Uskayaw.
  6207 | D:6      | Reached XP level 8. HP: 96/96 MP: 8/8
  6279 | D:6      | Reached skill level 11 in Fighting
  7114 | D:7      | Reached skill level 12 in Fighting
  7319 | D:7      | Noticed Dowan
  7321 | D:7      | Noticed Duvessa
  7327 | D:7      | HP: 3/101 [killer bee (4)]
  7327 | D:7      | Slain by a killer bee

Skill      XL: |  1  2  3  4  5  6  7  8 |
---------------+-------------------------+-----
Maces & Flails | 2 3 4 |  4.0
Shields        | 3 |  3.0
Dodging        | 3 |  3.0
Fighting       | 5 7 8 9 10 12 | 12.8

Action                   |  1- 3 |  4- 6 |  7- 9 || total
-------------------------+-------+-------+-------++-------
Melee: Flail             |   125 |   101 |   229 ||   455
 Fire: Hunting sling     |    23 |   107 |    20 ||   150
Evoke: Wand              |       |       |     1 ||     1
  Use: Potion            |       |     7 |     7 ||    14
       Scroll            |       |     4 |     6 ||    10
 Stab: Sleeping          |     1 |     2 |     7 ||    10
  Eat: Chunk             |     1 |     4 |     4 ||     9
       Ration            |       |     3 |     1 ||     4
Armor: Robe              |    29 |    25 |    49 ||   103
Dodge: Dodged            |    51 |    44 |    75 ||   170
Block: Shield            |    64 |    53 |   123 ||   240
